Jets vs Canadiens (R1)

Created - December 5, 2020 at 00:20

Goals
1 2 3 T
Jets 1 2 6 9
Canadiens 0 1 1 2
Shots
1 2 3 T
Jets 7 7 17 31
Canadiens 7 8 12 27

1st period

1. Jets , Erik Haula 4 (Ryan Johansen 20) at 10:16 (SH)

Penalties :
David Pastrnak (Mon) for Tripping (Minor) at 0:31, Kevin Hayes (Win) for Roughing (Minor) at 9:06, Jared Spurgeon (Win) for Tripping (Minor) at 13:52, Brett Maclean (Mon) for High sticking (Minor) at 17:00

2nd period

2. Canadiens , Dustin Boyd 3 (Jordan Szwarz 5) at 2:24
3. Jets , Ryan Johansen 6 (Nino Niederreiter 7, Marcus Johansson 9) at 7:43
4. Jets , Adam Henrique 11 (Derek Stepan 12, Bobby Ryan 4) at 14:37

Penalties :
Bobby Ryan (Win) for Slashing (Minor) at 0:12, Bobby Ryan (Win) for Hooking (Minor) at 2:37, Cameron Gaunce (Mon) for Interference (Minor) at 9:57, Tyler Myers (Win) for Boarding (Minor) at 11:19, Corey Perry (Mon) for Tripping (Minor) at 14:40, Raphael Diaz (Mon) for Slashing (Minor) at 17:03

3rd period

5. Jets , Ryan Johansen 7 (Jaccob Slavin 3) at 1:50 (PP)
6. Jets , Erik Haula 5 (Sam Gagner 5, Jaccob Slavin 4) at 4:04
7. Jets , Ryan Johansen 8 (Adam Henrique 10, Nino Niederreiter 8) at 6:49 (PP)
8. Jets , Marcus Johansson 8 (Marco Scandella 8, Ryan Johansen 21) at 7:24
9. Jets , Marco Scandella 3 (Unassisted) at 10:13
10. Canadiens , Greg Stewart 11 (Henrik Sedin 12, David Pastrnak 8) at 10:57 (PP)
11. Jets , Marcus Johansson 9 (Nino Niederreiter 9, Ryan Johansen 22) at 17:05

Penalties :
Henrik Sedin (Mon) for Hooking (Minor) at 1:05, Raphael Diaz (Mon) for Holding (Minor) at 6:36, Ryan Johansen (Win) for Tripping (Minor) at 10:18, Jacob Trouba (Win) for Boarding (Minor) at 14:29, Ryan Strome (Win) for Roughing (Minor) at 19:37

Goalie Stats

Kari Lehtonen (Win), 25 saves from 27 shots - (0.926), W, 7-5-0, 60:00 minutes
Allen York (Mon), 8 saves from 13 shots - (0.615), 18:10 minutes
Kristers Gudlevskis (Mon), 14 saves from 18 shots - (0.778), L, 7-6-3, 41:50 minutes

Players Stats for Jets

Player Name              G  A  P  +/- PIM S  H  SB GA TA FO     MP     PP MP  PK MP  
------------------------------------------------------------------------------------
Adam Henrique            1  1  2   1  0   3  2  0  1  0  2/2    18:33   5:38   0:00 
Bobby Ryan               0  1  1   0  4   3  1  1  0  0  0/1    13:19   0:17   0:00 
Derek Stepan             0  1  1   1  0   1  0  1  2  0  10/19  17:13   4:32   0:17 
Erik Haula               2  0  2   2  0   3  0  1  1  0  0/0    12:25   0:06   4:16 
Jaccob Slavin            0  2  2   2  0   0  3  1  0  0  0/0    14:17   4:28   0:56 
Jacob Trouba             0  0  0   0  2   1  0  1  0  2  0/0    18:53   0:00   6:24 
Jared Spurgeon           0  0  0   2  2   1  1  3  0  1  0/0    15:28   4:28   0:07 
Kevin Hayes              0  0  0   1  2   1  2  1  0  0  0/0    12:02   4:29   0:00 
Marco Scandella          1  1  2   3  0   2  3  1  0  1  0/0    27:52   5:48   4:50 
Marcus Johansson         2  1  3   3  0   3  3  0  0  0  2/2    15:13   4:32   0:18 
Nino Niederreiter        0  3  3   3  0   3  2  0  0  0  0/0    20:51   5:30   3:38 
Noel Acciari             0  0  0   0  0   1  0  0  0  1  7/13   14:00   0:11   7:34 
Robert Hagg              0  0  0   1  0   1  1  1  0  1  0/0    16:02   0:00   7:57 
Ronalds Kenins           0  0  0   0  0   1  1  3  0  0  0/0    13:21   0:00   7:20 
Ryan Johansen            3  3  6   4  2   5  5  0  0  0  11/27  17:34   5:33   1:13 
Ryan Strome              0  0  0   0  2   1  1  0  0  0  0/1     5:39   0:00   0:00 
Sam Gagner               0  1  1   1  0   1  1  0  0  0  2/5     6:01   0:00   0:00 
Tyler Myers              0  0  0   4  2   0  1  0  0  0  0/0    28:13   5:47   4:22 

Players Stats for Canadiens

Player Name              G  A  P  +/- PIM S  H  SB GA TA FO     MP     PP MP  PK MP  
------------------------------------------------------------------------------------
Benoit Pouliot           0  0  0  -2  0   5  2  1  0  1  1/1    20:32   5:17   4:06 
Brett Maclean            0  0  0   0  2   1  0  0  0  0  1/2    11:13   0:12   2:05 
Bryce Lampman            0  0  0  -3  0   1  2  3  1  1  0/0    29:44   7:23   5:59 
Cameron Gaunce           0  0  0  -2  2   0  0  0  1  0  0/0     9:51   0:20   0:43 
Colton Parayko           0  0  0  -3  0   0  1  2  0  0  0/0    29:32   7:23   5:47 
Corey Perry              0  0  0  -3  2   1  2  1  0  0  3/6    22:49   4:57   4:24 
David Pastrnak           0  1  1  -3  2   4  3  0  3  0  0/0    16:26   6:43   0:00 
Dustin Boyd              1  0  1   0  0   5  0  1  1  0  4/4     7:56   0:18   1:28 
Frans Nielsen            0  0  0  -2  0   3  2  0  0  0  5/11   16:14   4:57   0:15 
Greg Stewart             1  0  1  -4  0   3  0  1  0  0  0/2    22:13   7:09   2:56 
Henrik Sedin             0  1  1  -4  2   0  4  0  0  0  20/39  24:05   6:43   5:18 
Jordan Szwarz            0  1  1   0  0   2  0  0  0  0  0/0     8:59   0:18   0:00 
Mark Stuart              0  0  0  -1  0   0  2  2  0  1  0/0    21:44   4:55   4:29 
Nick Spaling             0  0  0   0  0   0  0  0  0  0  0/0     5:09   0:00   0:00 
Nikolai Zherdev          0  0  0   0  0   1  0  0  0  0  0/0     5:09   0:00   0:00 
Philip Larsen            0  0  0  -2  0   0  1  1  0  1  0/0     8:44   0:00   0:00 
Pierre-Marc Bouchard     0  0  0   0  0   1  0  0  0  0  2/5     7:53   0:00   0:00 
Raphael Diaz             0  0  0  -1  4   0  2  0  0  0  0/0    20:47   4:55   3:34 

3 Stars

1 - Ryan Johansen (Win)
2 - Marcus Johansson (Win)
3 - Marco Scandella (Win)

Power Play

Jets - 2 on 7 Attempt(s) - 28.57%
Canadiens - 1 on 8 Attempt(s) - 12.50%

Penalty Kill

Jets - 7 on 8 Attempt(s) - 87.50% - Score 1 goal in Penalty Kill
Canadiens - 5 on 7 Attempt(s) - 71.43% - Score 0 goal in Penalty Kill

Team Stat

Jets - Hits : 27 - Faceoff Wins : 34 - Blocked Shots : 14 - Penalty Minutes : 16
Canadiens - Hits : 21 - Faceoff Wins : 36 - Blocked Shots : 12 - Penalty Minutes : 14

Official

Referees : Unknown
Linesman : Unknown

Game Notes

Allen York enters game at 1:50 of 3rd period
Ryan Johansen has scored a Hat Trick!
10:13 of 3rd period - Penalty Shot by Marco Scandella for Jets - Goal!

Finance

Level 1 -- Attendance: 6000 (100.00%) -- Ticket Income $612,000
Level 2 -- Attendance: 4592 (91.84%) -- Ticket Income $303,072
Level 3 -- Attendance: 2000 (100.00%) -- Ticket Income $84,000
Level 4 -- Attendance: 3666 (91.65%) -- Ticket Income $102,648
Luxury Box -- Attendance: 965 (96.50%) -- Ticket Income $175,630
Game was played at the Centre Bell.
Total Attendance: 17223 (95.68%)
Total Ticket Income: $1,277,350
Other Income: $191,602
Total Income: $1,468,952

Jets

5 vs 5 Forward 
   Center                   Left Wing                Right Wing               Time % Phy DF OF 
 1 Derek Stepan             Adam Henrique            Bobby Ryan               36     1   2  2  
 2 Ryan Johansen            Marcus Johansson         Nino Niederreiter        34     1   2  2  
 3 Sam Gagner               Erik Haula               Kevin Hayes              22     1   2  2  
 4 Noel Acciari             Ronalds Kenins           Ryan Strome              8      1   2  2  

5 vs 5 Defense 
   Defense                  Defense                                           Time % Phy DF OF 
 1 Marco Scandella          Tyler Myers                                       40     1   2  2  
 2 Jacob Trouba             Jared Spurgeon                                    30     1   2  2  
 3 Jaccob Slavin            Robert Hagg                                       20     0   3  2  
 4 Jacob Trouba             Tyler Myers                                       10     2   2  1  

PowerPlay Forward 
   Center                   Left Wing                Right Wing               Time % Phy DF OF 
 1 Ryan Johansen            Adam Henrique            Nino Niederreiter        55     1   2  2  
 2 Derek Stepan             Marcus Johansson         Kevin Hayes              45     1   2  2  

PowerPlay Defense
   Defense                  Defense                                           Time % Phy DF OF 
 1 Tyler Myers              Marco Scandella                                   60     1   2  2  
 2 Jaccob Slavin            Jared Spurgeon                                    40     1   2  2  

Penalty Kill 4 Players Forward 
   Center                   Wing                     Time % Phy DF OF 
 1 Noel Acciari             Ronalds Kenins           60     1   2  2  
 2 Erik Haula               Nino Niederreiter        40     1   2  2  

Penalty Kill 4 Players Defense
   Defense                  Defense                  Time % Phy DF OF 
 1 Jacob Trouba             Robert Hagg              60     1   2  2  
 2 Tyler Myers              Marco Scandella          40     1   2  2  

Penalty Kill - 3 Players Forward 
   Forward                                           Time % Phy DF OF 
 1 Erik Haula                                        60     1   2  2  
 2 Nino Niederreiter                                 40     1   2  2  

Penalty Kill - 3 Players Defense
   Defense                  Defense                  Time % Phy DF OF 
 1 Tyler Myers              Jacob Trouba             60     1   2  2  
 2 Marco Scandella          Robert Hagg              40     1   2  2  

4 vs 4 Forward 
   Center                   Wing                     Time % Phy DF OF 
 1 Ryan Johansen            Adam Henrique            60     1   2  2  
 2 Derek Stepan             Nino Niederreiter        40     1   2  2  

4 vs 4 Defense
   Defense                  Defense                  Time % Phy DF OF 
 1 Marco Scandella          Jacob Trouba             60     1   2  2  
 2 Tyler Myers              Jaccob Slavin            40     1   2  2  

Last Minutes Offensive
   Center                   Left Wing                Right Wing               Defense                  Defense                  
   Derek Stepan             Adam Henrique            Nino Niederreiter        Marco Scandella          Tyler Myers              

Last Minutes Defensive
   Center                   Left Wing                Right Wing               Defense                  Defense                  
   Ryan Johansen            Erik Haula               Nino Niederreiter        Marco Scandella          Tyler Myers              

Goaltenders
Starting : Kari Lehtonen            
Backup : Jonathan Bernier         

Extra Forwards
Normal : Nino Niederreiter, Derek Stepan, Adam Henrique - PP : Nino Niederreiter, Derek Stepan - PK : Nino Niederreiter
Extra Defensemen
Normal : Tyler Myers, Marco Scandella, Jacob Trouba - PP : Tyler Myers - PK : Tyler Myers, Marco Scandella
Penalty Shots
Nino Niederreiter, Derek Stepan, Adam Henrique, Ryan Johansen, Erik Haula

Scratches
None

Canadiens

5 vs 5 Forward 
   Center                   Left Wing                Right Wing               Time % Phy DF OF 
 1 Henrik Sedin             Greg Stewart             Corey Perry              40     0   2  3  
 2 Frans Nielsen            Benoit Pouliot           David Pastrnak           30     0   2  3  
 3 Pierre-Marc Bouchard     Brett Maclean            Jordan Szwarz            20     0   2  3  
 4 Dustin Boyd              Nick Spaling             Nikolai Zherdev          10     0   3  2  

5 vs 5 Defense 
   Defense                  Defense                                           Time % Phy DF OF 
 1 Colton Parayko           Bryce Lampman                                     40     0   2  3  
 2 Mark Stuart              Raphael Diaz                                      30     0   3  2  
 3 Philip Larsen            Cameron Gaunce                                    20     0   3  2  
 4 Colton Parayko           Bryce Lampman                                     10     0   3  2  

PowerPlay Forward 
   Center                   Left Wing                Right Wing               Time % Phy DF OF 
 1 Henrik Sedin             Greg Stewart             David Pastrnak           60     0   0  5  
 2 Frans Nielsen            Benoit Pouliot           Corey Perry              40     0   0  5  

PowerPlay Defense
   Defense                  Defense                                           Time % Phy DF OF 
 1 Colton Parayko           Bryce Lampman                                     60     0   1  4  
 2 Mark Stuart              Raphael Diaz                                      40     0   1  4  

Penalty Kill 4 Players Forward 
   Center                   Wing                     Time % Phy DF OF 
 1 Corey Perry              Henrik Sedin             60     1   3  1  
 2 Greg Stewart             Benoit Pouliot           40     1   3  1  

Penalty Kill 4 Players Defense
   Defense                  Defense                  Time % Phy DF OF 
 1 Colton Parayko           Bryce Lampman            60     1   3  1  
 2 Mark Stuart              Raphael Diaz             40     1   3  1  

Penalty Kill - 3 Players Forward 
   Forward                                           Time % Phy DF OF 
 1 Corey Perry                                       60     1   4  0  
 2 Henrik Sedin                                      40     1   4  0  

Penalty Kill - 3 Players Defense
   Defense                  Defense                  Time % Phy DF OF 
 1 Colton Parayko           Bryce Lampman            60     1   4  0  
 2 Mark Stuart              Raphael Diaz             40     1   4  0  

4 vs 4 Forward 
   Center                   Wing                     Time % Phy DF OF 
 1 Corey Perry              Henrik Sedin             60     0   2  3  
 2 Greg Stewart             Benoit Pouliot           40     0   2  3  

4 vs 4 Defense
   Defense                  Defense                  Time % Phy DF OF 
 1 Colton Parayko           Bryce Lampman            60     0   2  3  
 2 Mark Stuart              Raphael Diaz             40     0   2  3  

Last Minutes Offensive
   Center                   Left Wing                Right Wing               Defense                  Defense                  
   Henrik Sedin             Greg Stewart             Corey Perry              Colton Parayko           Bryce Lampman            

Last Minutes Defensive
   Center                   Left Wing                Right Wing               Defense                  Defense                  
   Henrik Sedin             Greg Stewart             Corey Perry              Colton Parayko           Bryce Lampman            

Goaltenders
Starting : Kristers Gudlevskis      
Backup : Allen York               

Extra Forwards
Normal : Corey Perry, David Pastrnak, Brett Maclean - PP : Corey Perry, David Pastrnak - PK : Brett Maclean
Extra Defensemen
Normal : Philip Larsen, Cameron Gaunce, Mark Stuart - PP : Philip Larsen - PK : Cameron Gaunce, Mark Stuart
Penalty Shots
Corey Perry, Henrik Sedin, Greg Stewart, Benoit Pouliot, Frans Nielsen

Scratches
Steve Downie (Abdomen/Ribs Injury), Viktor Stalberg (Healthy)

% Time on Ice - Jets

Lines # - Real PCT - Wanted PCT - Time Play
Normal Forward
1 - 36% - 36% - 13:15
2 - 32% - 34% - 11:53
3 - 16% - 22% - 6:01
4 - 15% - 8% - 5:40
Normal Defense
1 - 41% - 40% - 15:03
2 - 33% - 30% - 12:13
3 - 22% - 20% - 8:05
4 - 4% - 10% - 1:28
PP Forward
1 - 56% - 55% - 5:44
2 - 44% - 45% - 4:32
PP Defense
1 - 56% - 60% - 5:48
2 - 44% - 40% - 4:28
PK Forward
1 - 74% - 60% - 9:04
2 - 26% - 40% - 3:14
PK Defense
1 - 63% - 60% - 7:45
2 - 37% - 40% - 4:33
PK3 Forward
1 - 0% - 60%
2 - 0% - 40%
PK3 Defense
1 - 0% - 60%
2 - 0% - 40%
44 Forward
1 - 89% - 60% - 0:33
2 - 11% - 40% - 0:04
44 Defense
1 - 100% - 60% - 0:37
2 - 0% - 40% - 0:00
Last Minute Offensive  - 0:00
Last Minute Defensive  - 0:00
Total
Forward - 60:00
Defense - 60:00

% Time on Ice - Canadiens

Lines # - Real PCT - Wanted PCT - Time Play
Normal Forward
1 - 34% - 40% - 12:28
2 - 31% - 30% - 11:19
3 - 21% - 20% - 7:53
4 - 14% - 10% - 5:09
Normal Defense
1 - 41% - 40% - 15:04
2 - 33% - 30% - 12:15
3 - 24% - 20% - 8:44
4 - 2% - 10% - 0:46
PP Forward
1 - 56% - 60% - 6:56
2 - 44% - 40% - 5:22
PP Defense
1 - 60% - 60% - 7:23
2 - 40% - 40% - 4:55
PK Forward
1 - 73% - 60% - 7:32
2 - 27% - 40% - 2:44
PK Defense
1 - 56% - 60% - 5:47
2 - 44% - 40% - 4:29
PK3 Forward
1 - 0% - 60%
2 - 0% - 40%
PK3 Defense
1 - 0% - 60%
2 - 0% - 40%
44 Forward
1 - 86% - 60% - 0:32
2 - 14% - 40% - 0:05
44 Defense
1 - 86% - 60% - 0:32
2 - 14% - 40% - 0:05
Last Minute Offensive  - 0:00
Last Minute Defensive  - 0:00
Total
Forward - 60:00
Defense - 60:00

Play-by-Play

1st period


0:01 of 1st period - Henrik Sedin wins face-off versus Derek Stepan in neutral zone.
0:31 of 1st period - Minor Penalty to David Pastrnak for Tripping.
0:32 of 1st period - Corey Perry wins face-off versus Ryan Johansen in Canadiens zone.
0:32 of 1st period - Corey Perry is hit by Ryan Johansen.
0:49 of 1st period - Wrist shot by Adam Henrique.
0:49 of 1st period - Shot Misses the Net.
1:06 of 1st period - Snap shot by Derek Stepan.
1:06 of 1st period - Stopped by Kristers Gudlevskis without a rebound.
1:07 of 1st period - Derek Stepan wins face-off versus Greg Stewart in Canadiens zone.
2:08 of 1st period - Henrik Sedin is hit by Ryan Johansen and loses puck.
2:31 of 1st period - Penalty to David Pastrnak is over, David Pastrnak is back on ice.
2:42 of 1st period - Snap shot by Jordan Szwarz.
2:42 of 1st period - Shot Misses the Net.
2:44 of 1st period - Snap shot by Brett Maclean.
2:44 of 1st period - Stopped by Kari Lehtonen with a rebound.
3:10 of 1st period - Wrist shot by Benoit Pouliot.
3:10 of 1st period - Stopped by Kari Lehtonen with a rebound.
3:47 of 1st period - Off-side.
3:48 of 1st period - Frans Nielsen wins face-off versus Sam Gagner in neutral zone.
3:51 of 1st period - Wrist shot by David Pastrnak.
3:51 of 1st period - Stopped by Kari Lehtonen without a rebound.
3:52 of 1st period - Sam Gagner wins face-off versus Frans Nielsen in Jets zone.
3:55 of 1st period - Snap shot by Benoit Pouliot.
3:55 of 1st period - Shot Blocked by Jaccob Slavin.
3:57 of 1st period - Slapshot by Benoit Pouliot.
3:57 of 1st period - Shot Blocked by Kevin Hayes.
4:03 of 1st period - Wrist shot by David Pastrnak.
4:03 of 1st period - Shot Blocked by Erik Haula.
4:07 of 1st period - Wrist shot by David Pastrnak.
4:07 of 1st period - Stopped by Kari Lehtonen without a rebound.
4:08 of 1st period - Henrik Sedin wins face-off versus Ryan Johansen in Jets zone.
4:21 of 1st period - Snap shot by Greg Stewart.
4:21 of 1st period - Shot Blocked by Jared Spurgeon.
5:35 of 1st period - Off-side.
5:36 of 1st period - Henrik Sedin wins face-off versus Ryan Johansen in neutral zone.
5:38 of 1st period - Off-side.
5:39 of 1st period - Marcus Johansson wins face-off versus Henrik Sedin in neutral zone.
5:42 of 1st period - Wrist shot by Ryan Johansen.
5:42 of 1st period - Stopped by Kristers Gudlevskis without a rebound.
5:43 of 1st period - Derek Stepan wins face-off versus Henrik Sedin in Canadiens zone.
6:10 of 1st period - Marco Scandella is hit by Frans Nielsen and loses puck.
6:21 of 1st period - Snap shot by Frans Nielsen.
6:21 of 1st period - Stopped by Kari Lehtonen without a rebound.
6:22 of 1st period - Henrik Sedin wins face-off versus Derek Stepan in Jets zone.
6:39 of 1st period - Snap shot by Derek Stepan.
6:39 of 1st period - Shot Blocked by Mark Stuart.
7:23 of 1st period - Robert Hagg is hit by Bryce Lampman and loses puck.
7:38 of 1st period - Snap shot by Kevin Hayes.
7:38 of 1st period - Shot Misses the Net.
7:40 of 1st period - Snap shot by Sam Gagner.
7:40 of 1st period - Stopped by Kristers Gudlevskis without a rebound.
7:41 of 1st period - Henrik Sedin wins face-off versus Sam Gagner in Canadiens zone.
7:56 of 1st period - Snap shot by Kevin Hayes.
7:56 of 1st period - Shot Blocked by Philip Larsen.
7:58 of 1st period - Slapshot by Marco Scandella.
7:58 of 1st period - Deflect By Kevin Hayes.
7:58 of 1st period - Shot Misses the Net.
7:58 of 1st period - Puck is out of play.
7:59 of 1st period - Frans Nielsen wins face-off versus Derek Stepan in Canadiens zone.
8:15 of 1st period - Snap shot by Adam Henrique.
8:15 of 1st period - Shot Blocked by Benoit Pouliot.
8:40 of 1st period - Marcus Johansson is hit by Henrik Sedin and loses puck.
8:53 of 1st period - Raphael Diaz is hit by Sam Gagner and loses puck.
9:06 of 1st period - Minor Penalty to Kevin Hayes for Roughing.
9:07 of 1st period - Noel Acciari wins face-off versus Henrik Sedin in Jets zone.
10:14 of 1st period - Wrist shot by Erik Haula.
10:14 of 1st period - Stopped by Kristers Gudlevskis without a rebound.
10:15 of 1st period - Ryan Johansen wins face-off versus Henrik Sedin in Canadiens zone.
10:16 of 1st period - Snap shot by Erik Haula.
10:16 of 1st period - Goal by Erik Haula - Jets : 1 - Canadiens : 0.
10:17 of 1st period - Henrik Sedin wins face-off versus Noel Acciari in neutral zone.
10:43 of 1st period - Icing by Corey Perry.
10:44 of 1st period - Noel Acciari wins face-off versus Frans Nielsen in Canadiens zone.
10:45 of 1st period - Slapshot by Ronalds Kenins.
10:45 of 1st period - Deflect By Benoit Pouliot.
10:45 of 1st period - Stopped by Kristers Gudlevskis without a rebound.
10:46 of 1st period - Noel Acciari wins face-off versus Frans Nielsen in Canadiens zone.
10:49 of 1st period - Wrist shot by Noel Acciari.
10:49 of 1st period - Stopped by Kristers Gudlevskis with a rebound.
11:06 of 1st period - Penalty to Kevin Hayes is over, Kevin Hayes is back on ice.
11:30 of 1st period - Slapshot by Frans Nielsen.
11:30 of 1st period - Shot Misses the Net.
12:35 of 1st period - Snap shot by Benoit Pouliot.
12:35 of 1st period - Stopped by Kari Lehtonen without a rebound.
12:36 of 1st period - Pierre-Marc Bouchard wins face-off versus Derek Stepan in Jets zone.
12:43 of 1st period - Slapshot by Pierre-Marc Bouchard.
12:43 of 1st period - Stopped by Kari Lehtonen with a rebound.
12:45 of 1st period - Slapshot by Colton Parayko.
12:45 of 1st period - Shot Blocked by Derek Stepan.
12:47 of 1st period - Slapshot by Colton Parayko.
12:47 of 1st period - Shot Misses the Net.
12:49 of 1st period - Wrist shot by Pierre-Marc Bouchard.
12:49 of 1st period - Deflect By Brett Maclean.
12:49 of 1st period - Shot Misses the Net.
12:49 of 1st period - Puck is out of play.
12:50 of 1st period - Derek Stepan wins face-off versus Pierre-Marc Bouchard in Jets zone.
13:50 of 1st period - Snap shot by Henrik Sedin.
13:50 of 1st period - Shot Misses the Net.
13:52 of 1st period - Minor Penalty to Jared Spurgeon for Tripping.
13:53 of 1st period - Noel Acciari wins face-off versus Henrik Sedin in Jets zone.
13:53 of 1st period - Noel Acciari is hit by Henrik Sedin.
15:13 of 1st period - Henrik Sedin is hit by Ryan Johansen and loses puck.
15:20 of 1st period - Henrik Sedin is hit by Ryan Johansen and loses puck.
15:52 of 1st period - Penalty to Jared Spurgeon is over, Jared Spurgeon is back on ice.
16:34 of 1st period - Colton Parayko is hit by Kevin Hayes and loses puck.
17:00 of 1st period - Minor Penalty to Brett Maclean for High sticking.
17:01 of 1st period - Henrik Sedin wins face-off versus Ryan Johansen in Canadiens zone.
17:01 of 1st period - Henrik Sedin is hit by Nino Niederreiter.
17:13 of 1st period - Slapshot by Ryan Johansen.
17:13 of 1st period - Shot Misses the Net.
18:58 of 1st period - Bryce Lampman is hit by Adam Henrique and loses puck.
19:00 of 1st period - Penalty to Brett Maclean is over, Brett Maclean is back on ice.
19:27 of 1st period - Erik Haula is hit by Philip Larsen and loses puck.
19:42 of 1st period - Jacob Trouba is hit by Mark Stuart and loses puck.
Goals for this period are 1 for Jets vs 0 for Canadiens.
Shots for this period are 7 for Jets vs 7 for Canadiens.

2nd period


0:01 of 2nd period - Henrik Sedin wins face-off versus Derek Stepan in neutral zone.
0:06 of 2nd period - Snap shot by Corey Perry.
0:06 of 2nd period - Deflect By Greg Stewart.
0:06 of 2nd period - Shot Misses the Net.
0:06 of 2nd period - Puck is out of play.
0:07 of 2nd period - Henrik Sedin wins face-off versus Derek Stepan in Jets zone.
0:10 of 2nd period - Wrist shot by Henrik Sedin.
0:10 of 2nd period - Shot Misses the Net.
0:12 of 2nd period - Minor Penalty to Bobby Ryan for Slashing.
0:13 of 2nd period - Noel Acciari wins face-off versus Henrik Sedin in Jets zone.
0:26 of 2nd period - Slapshot by Colton Parayko.
0:26 of 2nd period - Shot Blocked by Ronalds Kenins.
0:38 of 2nd period - Frans Nielsen is hit by Robert Hagg and loses puck.
2:12 of 2nd period - Penalty to Bobby Ryan is over, Bobby Ryan is back on ice.
2:24 of 2nd period - Wrist shot by Dustin Boyd.
2:24 of 2nd period - Goal by Dustin Boyd - Jets : 1 - Canadiens : 1.
2:25 of 2nd period - Frans Nielsen wins face-off versus Derek Stepan in neutral zone.
2:37 of 2nd period - Minor Penalty to Bobby Ryan for Hooking.
2:38 of 2nd period - Henrik Sedin wins face-off versus Noel Acciari in Jets zone.
4:37 of 2nd period - Penalty to Bobby Ryan is over, Bobby Ryan is back on ice.
4:37 of 2nd period - Jacob Trouba is hit by Raphael Diaz.
4:43 of 2nd period - Brett Maclean is hit by Marco Scandella and loses puck.
4:52 of 2nd period - Philip Larsen is hit by Marcus Johansson and loses puck.
5:01 of 2nd period - Wrist shot by Dustin Boyd.
5:01 of 2nd period - Stopped by Kari Lehtonen with a rebound.
5:03 of 2nd period - Wrist shot by Dustin Boyd.
5:03 of 2nd period - Stopped by Kari Lehtonen without a rebound.
5:04 of 2nd period - Dustin Boyd wins face-off versus Sam Gagner in Jets zone.
5:09 of 2nd period - Snap shot by Dustin Boyd.
5:09 of 2nd period - Shot Blocked by Jacob Trouba.
5:48 of 2nd period - Ryan Johansen is hit by Bryce Lampman and loses puck.
6:03 of 2nd period - Wrist shot by Sam Gagner.
6:03 of 2nd period - Shot Misses the Net.
6:15 of 2nd period - Marco Scandella is hit by Raphael Diaz and loses puck.
6:20 of 2nd period - Wrist shot by Dustin Boyd.
6:20 of 2nd period - Stopped by Kari Lehtonen with a rebound.
6:45 of 2nd period - Bobby Ryan is hit by Frans Nielsen and loses puck.
6:58 of 2nd period - Robert Hagg is hit by Corey Perry and loses puck.
7:28 of 2nd period - Snap shot by Pierre-Marc Bouchard.
7:28 of 2nd period - Shot Misses the Net.
7:30 of 2nd period - Backhand shot by Jordan Szwarz.
7:30 of 2nd period - Stopped by Kari Lehtonen without a rebound.
7:31 of 2nd period - Ryan Johansen wins face-off versus Henrik Sedin in Jets zone.
7:31 of 2nd period - Ryan Johansen is hit by Corey Perry.
7:43 of 2nd period - Wrist shot by Ryan Johansen.
7:43 of 2nd period - Goal by Ryan Johansen - Jets : 2 - Canadiens : 1.
7:44 of 2nd period - Derek Stepan wins face-off versus Henrik Sedin in neutral zone.
7:47 of 2nd period - Wrist shot by Bobby Ryan.
7:47 of 2nd period - Shot Misses the Net.
7:49 of 2nd period - Slapshot by Tyler Myers.
7:49 of 2nd period - Shot Blocked by Corey Perry.
7:51 of 2nd period - Wrist shot by Adam Henrique.
7:51 of 2nd period - Shot Blocked by Bryce Lampman.
7:53 of 2nd period - Slapshot by Marco Scandella.
7:53 of 2nd period - Shot Blocked by Bryce Lampman.
7:55 of 2nd period - Slapshot by Marco Scandella.
7:55 of 2nd period - Shot Blocked by Greg Stewart.
7:57 of 2nd period - Snap shot by Bobby Ryan.
7:57 of 2nd period - Stopped by Kristers Gudlevskis without a rebound.
7:58 of 2nd period - Marcus Johansson wins face-off versus Henrik Sedin in Canadiens zone.
8:13 of 2nd period - Colton Parayko is hit by Ryan Johansen.
8:25 of 2nd period - Marco Scandella is hit by David Pastrnak and loses puck.
9:11 of 2nd period - Wrist shot by Jacob Trouba.
9:11 of 2nd period - Stopped by Kristers Gudlevskis without a rebound.
9:12 of 2nd period - Dustin Boyd wins face-off versus Ryan Strome in Canadiens zone.
9:25 of 2nd period - Dustin Boyd is hit by Ryan Strome and loses puck.
9:38 of 2nd period - Snap shot by Philip Larsen.
9:38 of 2nd period - Shot Misses the Net.
9:50 of 2nd period - Wrist shot by Ronalds Kenins.
9:50 of 2nd period - Shot Misses the Net.
9:57 of 2nd period - Minor Penalty to Cameron Gaunce for Interference.
9:58 of 2nd period - Corey Perry wins face-off versus Ryan Johansen in Canadiens zone.
10:24 of 2nd period - Henrik Sedin is hit by Marcus Johansson and loses puck.
11:01 of 2nd period - Backhand shot by Greg Stewart.
11:01 of 2nd period - Shot Misses the Net.
11:19 of 2nd period - Minor Penalty to Tyler Myers for Boarding.
11:20 of 2nd period - Ryan Johansen wins face-off versus Corey Perry in Jets zone.
11:57 of 2nd period - Penalty to Cameron Gaunce is over, Cameron Gaunce is back on ice.
12:33 of 2nd period - Icing by Bryce Lampman.
12:34 of 2nd period - Henrik Sedin wins face-off versus Noel Acciari in Canadiens zone.
12:47 of 2nd period - Wrist shot by Frans Nielsen.
12:47 of 2nd period - Stopped by Kari Lehtonen with a rebound.
12:49 of 2nd period - Slapshot by Mark Stuart.
12:49 of 2nd period - Shot Blocked by Ronalds Kenins.
13:19 of 2nd period - Penalty to Tyler Myers is over, Tyler Myers is back on ice.
13:25 of 2nd period - Snap shot by Dustin Boyd.
13:25 of 2nd period - Shot Misses the Net.
14:24 of 2nd period - Benoit Pouliot is hit by Bobby Ryan and loses puck.
14:29 of 2nd period - Wrist shot by Adam Henrique.
14:29 of 2nd period - Deflect By Bobby Ryan.
14:29 of 2nd period - Stopped by Kristers Gudlevskis with a rebound.
14:35 of 2nd period - Snap shot by Adam Henrique.
14:35 of 2nd period - Shot Misses the Net.
14:37 of 2nd period - Wrist shot by Derek Stepan.
14:37 of 2nd period - Deflect By Adam Henrique.
14:37 of 2nd period - Goal by Adam Henrique - Jets : 3 - Canadiens : 1.
14:38 of 2nd period - Henrik Sedin wins face-off versus Ryan Johansen in neutral zone.
14:40 of 2nd period - Minor Penalty to Corey Perry for Tripping.
14:41 of 2nd period - Henrik Sedin wins face-off versus Ryan Johansen in Canadiens zone.
14:55 of 2nd period - Snap shot by Nino Niederreiter.
14:55 of 2nd period - Shot Blocked by Colton Parayko.
14:57 of 2nd period - Wrist shot by Nino Niederreiter.
14:57 of 2nd period - Shot Misses the Net.
15:35 of 2nd period - Benoit Pouliot is hit by Kevin Hayes and loses puck.
16:40 of 2nd period - Penalty to Corey Perry is over, Corey Perry is back on ice.
16:48 of 2nd period - Raphael Diaz is hit by Ronalds Kenins and loses puck.
17:03 of 2nd period - Minor Penalty to Raphael Diaz for Slashing.
17:04 of 2nd period - Corey Perry wins face-off versus Ryan Johansen in Canadiens zone.
17:15 of 2nd period - Bryce Lampman is hit by Nino Niederreiter and loses puck.
17:28 of 2nd period - Snap shot by Kevin Hayes.
17:28 of 2nd period - Stopped by Kristers Gudlevskis with a rebound.
17:30 of 2nd period - Slapshot by Jaccob Slavin.
17:30 of 2nd period - Shot Misses the Net.
19:03 of 2nd period - Penalty to Raphael Diaz is over, Raphael Diaz is back on ice.
19:07 of 2nd period - Snap shot by Bobby Ryan.
19:07 of 2nd period - Stopped by Kristers Gudlevskis without a rebound.
19:08 of 2nd period - Dustin Boyd wins face-off versus Noel Acciari in Canadiens zone.
19:21 of 2nd period - Wrist shot by Nikolai Zherdev.
19:21 of 2nd period - Stopped by Kari Lehtonen without a rebound.
19:22 of 2nd period - Frans Nielsen wins face-off versus Bobby Ryan in Jets zone.
19:27 of 2nd period - Snap shot by Frans Nielsen.
19:27 of 2nd period - Stopped by Kari Lehtonen without a rebound.
19:28 of 2nd period - Derek Stepan wins face-off versus Frans Nielsen in Jets zone.
19:39 of 2nd period - Mark Stuart is hit by Adam Henrique and loses puck.
19:58 of 2nd period - Snap shot by Marcus Johansson.
19:58 of 2nd period - Shot Blocked by Mark Stuart.
Goals for this period are 2 for Jets vs 1 for Canadiens.
Shots for this period are 7 for Jets vs 8 for Canadiens.

3rd period


0:01 of 3rd period - Ryan Johansen wins face-off versus Corey Perry in neutral zone.
0:26 of 3rd period - Corey Perry is hit by Tyler Myers and loses puck.
0:39 of 3rd period - Snap shot by Sam Gagner.
0:39 of 3rd period - Shot Misses the Net.
0:57 of 3rd period - Wrist shot by Adam Henrique.
0:57 of 3rd period - Stopped by Kristers Gudlevskis with a rebound.
0:59 of 3rd period - Snap shot by Adam Henrique.
0:59 of 3rd period - Stopped by Kristers Gudlevskis with a rebound.
1:05 of 3rd period - Minor Penalty to Henrik Sedin for Hooking.
1:06 of 3rd period - Adam Henrique wins face-off versus Brett Maclean in Canadiens zone.
1:07 of 3rd period - Snap shot by Nino Niederreiter.
1:07 of 3rd period - Shot Misses the Net.
1:09 of 3rd period - Slapshot by Adam Henrique.
1:09 of 3rd period - Shot Misses the Net.
1:11 of 3rd period - Wrist shot by Ryan Johansen.
1:11 of 3rd period - Shot Misses the Net.
1:13 of 3rd period - Slapshot by Marco Scandella.
1:13 of 3rd period - Shot Misses the Net.
1:15 of 3rd period - Slapshot by Marco Scandella.
1:15 of 3rd period - Stopped by Kristers Gudlevskis without a rebound.
1:16 of 3rd period - Brett Maclean wins face-off versus Ryan Johansen in Canadiens zone.
1:35 of 3rd period - Brett Maclean is hit by Marcus Johansson.
1:44 of 3rd period - Off-side.
1:45 of 3rd period - Ryan Johansen wins face-off versus Greg Stewart in neutral zone.
1:50 of 3rd period - Snap shot by Ryan Johansen.
1:50 of 3rd period - Goal by Ryan Johansen - Jets : 4 - Canadiens : 1.
1:50 of 3rd period - Allen York enters game.
1:51 of 3rd period - Ryan Johansen wins face-off versus Henrik Sedin in neutral zone.
1:53 of 3rd period - Tyler Myers is hit by Colton Parayko and loses puck.
2:17 of 3rd period - Derek Stepan is hit by Benoit Pouliot and loses puck.
3:27 of 3rd period - Wrist shot by Marcus Johansson.
3:27 of 3rd period - Shot Misses the Net.
3:29 of 3rd period - Slapshot by Jacob Trouba.
3:29 of 3rd period - Shot Misses the Net.
3:31 of 3rd period - Snap shot by Ryan Johansen.
3:31 of 3rd period - Stopped by Allen York without a rebound.
3:32 of 3rd period - Adam Henrique wins face-off versus Henrik Sedin in Canadiens zone.
3:43 of 3rd period - Henrik Sedin is hit by Jaccob Slavin and loses puck.
3:51 of 3rd period - Bryce Lampman is hit by Jaccob Slavin and loses puck.
4:04 of 3rd period - Wrist shot by Erik Haula.
4:04 of 3rd period - Goal by Erik Haula - Jets : 5 - Canadiens : 1.
4:05 of 3rd period - Henrik Sedin wins face-off versus Ryan Johansen in neutral zone.
4:59 of 3rd period - Snap shot by Brett Maclean.
4:59 of 3rd period - Deflect By Jordan Szwarz.
4:59 of 3rd period - Shot Blocked by Jared Spurgeon.
4:59 of 3rd period - Puck is out of play.
5:00 of 3rd period - Ryan Johansen wins face-off versus Pierre-Marc Bouchard in Jets zone.
5:11 of 3rd period - Snap shot by Ryan Johansen.
5:11 of 3rd period - Shot Hit the Post.
5:37 of 3rd period - Snap shot by Jared Spurgeon.
5:37 of 3rd period - Deflect By Adam Henrique.
5:37 of 3rd period - Shot Misses the Net.
5:37 of 3rd period - Puck is out of play.
5:38 of 3rd period - Sam Gagner wins face-off versus Henrik Sedin in Canadiens zone.
5:39 of 3rd period - Wrist shot by Kevin Hayes.
5:39 of 3rd period - Shot Misses the Net.
5:49 of 3rd period - Wrist shot by Greg Stewart.
5:49 of 3rd period - Stopped by Kari Lehtonen with a rebound.
5:51 of 3rd period - Slapshot by Bryce Lampman.
5:51 of 3rd period - Deflect By Erik Haula.
5:51 of 3rd period - Stopped by Kari Lehtonen with a rebound.
6:05 of 3rd period - Nino Niederreiter is hit by Benoit Pouliot and loses puck.
6:13 of 3rd period - Off-side.
6:14 of 3rd period - Derek Stepan wins face-off versus Frans Nielsen in neutral zone.
6:36 of 3rd period - Minor Penalty to Raphael Diaz for Holding.
6:37 of 3rd period - Ryan Johansen wins face-off versus Corey Perry in Canadiens zone.
6:47 of 3rd period - Wrist shot by Adam Henrique.
6:47 of 3rd period - Shot Blocked by Colton Parayko.
6:49 of 3rd period - Snap shot by Adam Henrique.
6:49 of 3rd period - Deflect By Ryan Johansen.
6:49 of 3rd period - Goal by Ryan Johansen - Jets : 6 - Canadiens : 1.
6:50 of 3rd period - Ryan Johansen wins face-off versus Henrik Sedin in neutral zone.
6:53 of 3rd period - Greg Stewart is hit by Marco Scandella and loses puck.
6:58 of 3rd period - Wrist shot by Marcus Johansson.
6:58 of 3rd period - Deflect By Nino Niederreiter.
6:58 of 3rd period - Stopped by Allen York without a rebound.
6:59 of 3rd period - Henrik Sedin wins face-off versus Ryan Johansen in Canadiens zone.
7:18 of 3rd period - Backhand shot by Ryan Johansen.
7:18 of 3rd period - Shot Blocked by Bryce Lampman.
7:20 of 3rd period - Slapshot by Marcus Johansson.
7:20 of 3rd period - Stopped by Allen York with a rebound.
7:22 of 3rd period - Snap shot by Marco Scandella.
7:22 of 3rd period - Stopped by Allen York with a rebound.
7:24 of 3rd period - Snap shot by Marcus Johansson.
7:24 of 3rd period - Goal by Marcus Johansson - Jets : 7 - Canadiens : 1.
7:25 of 3rd period - Derek Stepan wins face-off versus Henrik Sedin in neutral zone.
8:04 of 3rd period - Nino Niederreiter is hit by David Pastrnak and loses puck.
8:47 of 3rd period - Wrist shot by Corey Perry.
8:47 of 3rd period - Shot Misses the Net.
8:53 of 3rd period - Wrist shot by Henrik Sedin.
8:53 of 3rd period - Shot Blocked by Jared Spurgeon.
9:09 of 3rd period - Icing by Adam Henrique.
9:10 of 3rd period - Derek Stepan wins face-off versus Frans Nielsen in Jets zone.
9:35 of 3rd period - Snap shot by Benoit Pouliot.
9:35 of 3rd period - Deflect By Frans Nielsen.
9:35 of 3rd period - Shot Blocked by Bobby Ryan.
9:35 of 3rd period - Puck is out of play.
9:36 of 3rd period - Henrik Sedin wins face-off versus Ryan Johansen in Jets zone.
9:47 of 3rd period - Slapshot by Jaccob Slavin.
9:47 of 3rd period - Shot Misses the Net.
9:49 of 3rd period - Slapshot by Robert Hagg.
9:49 of 3rd period - Stopped by Allen York without a rebound.
9:50 of 3rd period - Derek Stepan wins face-off versus Henrik Sedin in Canadiens zone.
10:13 of 3rd period - Penalty Shot by Marco Scandella for Jets.
10:13 of 3rd period - Deke by Marco Scandella.
10:13 of 3rd period - Goal by Marco Scandella - Jets : 8 - Canadiens : 1.
10:14 of 3rd period - Henrik Sedin wins face-off versus Ryan Johansen in neutral zone.
10:15 of 3rd period - Henrik Sedin wins face-off versus Ryan Johansen in Jets zone.
10:16 of 3rd period - Snap shot by Greg Stewart.
10:16 of 3rd period - Stopped by Kari Lehtonen with a rebound.
10:18 of 3rd period - Minor Penalty to Ryan Johansen for Tripping.
10:19 of 3rd period - Noel Acciari wins face-off versus Henrik Sedin in Jets zone.
10:44 of 3rd period - Ronalds Kenins is hit by David Pastrnak and loses puck.
10:53 of 3rd period - Snap shot by David Pastrnak.
10:53 of 3rd period - Shot Misses the Net.
10:55 of 3rd period - Snap shot by Henrik Sedin.
10:55 of 3rd period - Shot Blocked by Ronalds Kenins.
10:57 of 3rd period - Snap shot by Greg Stewart.
10:57 of 3rd period - Goal by Greg Stewart - Jets : 8 - Canadiens : 2.
10:58 of 3rd period - Ryan Johansen wins face-off versus Pierre-Marc Bouchard in neutral zone.
11:07 of 3rd period - Slapshot by Bryce Lampman.
11:07 of 3rd period - Shot Misses the Net.
11:24 of 3rd period - Bobby Ryan is hit by Henrik Sedin.
12:01 of 3rd period - Snap shot by Kevin Hayes.
12:01 of 3rd period - Shot Misses the Net.
12:10 of 3rd period - David Pastrnak is hit by Jared Spurgeon and loses puck.
12:15 of 3rd period - Snap shot by Nino Niederreiter.
12:15 of 3rd period - Stopped by Allen York with a rebound.
12:17 of 3rd period - Slapshot by Jacob Trouba.
12:17 of 3rd period - Shot Blocked by Dustin Boyd.
12:19 of 3rd period - Slapshot by Jared Spurgeon.
12:19 of 3rd period - Stopped by Allen York with a rebound.
12:31 of 3rd period - Wrist shot by Jordan Szwarz.
12:31 of 3rd period - Stopped by Kari Lehtonen without a rebound.
12:32 of 3rd period - Pierre-Marc Bouchard wins face-off versus Noel Acciari in Jets zone.
12:36 of 3rd period - Slapshot by Bryce Lampman.
12:36 of 3rd period - Shot Blocked by Robert Hagg.
12:56 of 3rd period - Henrik Sedin is hit by Jaccob Slavin and loses puck.
13:09 of 3rd period - Wrist shot by Ryan Strome.
13:09 of 3rd period - Stopped by Allen York with a rebound.
13:25 of 3rd period - Snap shot by Benoit Pouliot.
13:25 of 3rd period - Stopped by Kari Lehtonen without a rebound.
13:26 of 3rd period - Frans Nielsen wins face-off versus Derek Stepan in Jets zone.
13:35 of 3rd period - Wrist shot by Benoit Pouliot.
13:35 of 3rd period - Deflect By Derek Stepan.
13:35 of 3rd period - Stopped by Kari Lehtonen without a rebound.
13:36 of 3rd period - Benoit Pouliot wins face-off versus Ryan Johansen in Jets zone.
13:49 of 3rd period - Slapshot by David Pastrnak.
13:49 of 3rd period - Stopped by Kari Lehtonen with a rebound.
13:51 of 3rd period - Wrist shot by David Pastrnak.
13:51 of 3rd period - Shot Blocked by Marco Scandella.
13:53 of 3rd period - Slapshot by Benoit Pouliot.
13:53 of 3rd period - Stopped by Kari Lehtonen with a rebound.
13:55 of 3rd period - Slapshot by Frans Nielsen.
13:55 of 3rd period - Shot Misses the Net.
13:59 of 3rd period - Wrist shot by David Pastrnak.
13:59 of 3rd period - Shot Misses the Net.
14:25 of 3rd period - Snap shot by David Pastrnak.
14:25 of 3rd period - Stopped by Kari Lehtonen without a rebound.
14:26 of 3rd period - Henrik Sedin wins face-off versus Derek Stepan in Jets zone.
14:27 of 3rd period - Backhand shot by Corey Perry.
14:27 of 3rd period - Shot Misses the Net.
14:29 of 3rd period - Minor Penalty to Jacob Trouba for Boarding.
14:30 of 3rd period - Henrik Sedin wins face-off versus Noel Acciari in Jets zone.
15:53 of 3rd period - Bryce Lampman is hit by Marco Scandella and loses puck.
16:28 of 3rd period - Jaccob Slavin is hit by Mark Stuart and loses puck.
16:29 of 3rd period - Penalty to Jacob Trouba is over, Jacob Trouba is back on ice.
17:03 of 3rd period - Snap shot by Nino Niederreiter.
17:03 of 3rd period - Stopped by Allen York with a rebound.
17:05 of 3rd period - Wrist shot by Marcus Johansson.
17:05 of 3rd period - Goal by Marcus Johansson - Jets : 9 - Canadiens : 2.
17:06 of 3rd period - Derek Stepan wins face-off versus Henrik Sedin in neutral zone.
17:09 of 3rd period - Wrist shot by Adam Henrique.
17:09 of 3rd period - Shot Misses the Net.
17:19 of 3rd period - Snap shot by Corey Perry.
17:19 of 3rd period - Stopped by Kari Lehtonen with a rebound.
17:21 of 3rd period - Snap shot by Bryce Lampman.
17:21 of 3rd period - Shot Misses the Net.
18:14 of 3rd period - Off-side.
18:15 of 3rd period - Dustin Boyd wins face-off versus Ryan Johansen in neutral zone.
18:24 of 3rd period - Snap shot by Dustin Boyd.
18:24 of 3rd period - Stopped by Kari Lehtonen without a rebound.
18:25 of 3rd period - Ryan Johansen wins face-off versus Henrik Sedin in Jets zone.
19:37 of 3rd period - Minor Penalty to Ryan Strome for Roughing.
19:38 of 3rd period - Noel Acciari wins face-off versus Henrik Sedin in Jets zone.
19:38 of 3rd period - Noel Acciari is hit by Henrik Sedin.
Goals for this period are 6 for Jets vs 1 for Canadiens.
Shots for this period are 17 for Jets vs 12 for Canadiens.